 Dungeon Crawl Stone Soup version 0.14-a0-3278-gb24e923 (webtiles) character file.

1044 4tharraofdagon the Firebug (level 7, -1/46 HPs)
             Began as a Demonspawn Fire Elementalist on Mar 13, 2014.
             Was a Follower of Sif Muna.
             Slain by a gnoll sergeant
             ... wielding a +1,+1 spear of piercing
              (4 damage)
             ... on Level 6 of the Dungeon.
             The game lasted 00:11:13 (1690 turns).

4tharraofdagon the Firebug (DsFE)                   Turns: 1690, Time: 00:11:13

HP  -1/46        AC 12     Str  8      XL: 7   Next: 78%
MP   8/17        EV 16     Int 18      God: Sif Muna [*.....]
Gold 151         SH  0     Dex 19      Spells:  3 memorised,  6 levels left

rFire  . . .     SeeInvis .     s - +1,+2 flail (protect)
rCold  + . .     Clarity  .     h - -2 leather armour (curse)
rNeg   . . .     Conserve .     (no shield)
rPois  .         rCorr    .     d - +1 helmet
rElec  .         rRot     .     (no cloak)
SustAb . .       Spirit   .     (no gloves)
rMut   .         Warding  .     (no boots)
Saprov . . .     Stasis   .     (no amulet)
MR     .....                    u - cursed ring of protection from cold {unknown}
                                o - cursed ring of hunger

@: agile, not resistant to hostile enchantments, quite stealthy
A: iridescent scales 1, powered by death 2
a: Channel Energy, Renounce Religion


You were on level 6 of the Dungeon.
You worshipped Sif Muna.
Sif Muna was aware of your devotion.
You were near starving.

You visited 1 branch of the dungeon, and saw 6 of its levels.
You also visited: Ossuary.

You collected 179 gold pieces.
You spent 28 gold pieces at shops.

Inventory:

Hand weapons
 f - a cursed +0,+0 club
 i - a cursed +2,+3 dagger of venom
 s - a +1,+2 flail of protection (weapon)
Missiles
 e - 17 poisoned needles
Armour
 a - a +0 robe
 d - a +1 helmet (worn)
 h - a cursed -2 leather armour (worn)
Comestibles
 c - a bread ration
 z - a choko
Scrolls
 g - a scroll of enchant weapon II
 k - a scroll of amnesia
 l - a scroll of recharging
 m - a scroll of enchant armour
 w - 6 scrolls of random uselessness
 y - 3 scrolls of identify
Jewellery
 o - a cursed ring of hunger (left hand)
 u - a cursed ring of protection from cold (right hand) {unknown}
Potions
 j - a potion of mutation {unknown}
 n - a potion of haste {unknown}
 p - 2 potions of restore abilities {unknown}
 q - a potion of might
 B - a potion of agility
 C - 2 potions of brilliance
 D - a potion of poison {unknown}
Books
 b - a book of Flames

   Spells                             Type                      Level
   *Flame Tongue                      Conjuration/Fire             1
   Throw Flame                        Conjuration/Fire             2
   *Conjure Flame                     Conjuration/Fire             3
   Inner Flame                        Hexes/Fire                   3
   *Sticky Flame                      Conjuration/Fire             4
   Fireball                           Conjuration/Fire             5
 t - a book of the Dragon

   Spells                             Type                      Level
   Flight                             Charms/Air                   3
   Cause Fear                         Hexes                        4
   Bolt of Fire                       Conjuration/Fire             6
   Dragon Form                        Transmutation                7
   Dragon's Call                      Summoning                    9


   Skills:
 - Level 1.7 Dodging
 - Level 1.7 Stealth
 + Level 4.0 Spellcasting
 + Level 5.3 Conjurations
 + Level 5.4 Fire Magic
 * Level 3.3 Invocations


You had 6 spell levels left.
You knew the following spells:

 Your Spells              Type           Power        Failure   Level  Hunger
a - Flame Tongue          Conj/Fire      ###..        1%          1    None
b - Conjure Flame         Conj/Fire      ###.....     6%          3    ###....
c - Sticky Flame          Conj/Fire      ###.....     21%         4    ####...


Dungeon Overview and Level Annotations

Branches:
Dungeon (6/15)
 Temple: D:4-7

Altars:
Fedhas
Kikubaaqudgha
Nemelex Xobeh
Sif Muna
Trog

Shops:
D:5 =


Innate Abilities, Weirdness & Mutations

You are partially covered in iridescent scales (AC +4).
You can steal the life force of defeated enemies.


Message History

The gnoll sergeant hits you but does no damage.
The gnoll hits you from afar with a spear.
* * * LOW HITPOINT WARNING * * *
The hound bites you.
* * * LOW HITPOINT WARNING * * *
The bat closely misses you. The orc hits you with a club.
* * * LOW HITPOINT WARNING * * *
Unknown command.
Drink which item? (? for menu, Esc to quit)
You feel better.
You are near starving!
The bat misses you. The gnoll barely misses you.
The gnoll sergeant hits you from afar with a glowing spear!
* * * LOW HITPOINT WARNING * * *
The hound bites you but does no damage.
Your magical contamination has completely faded away.
The bat barely misses you. The hound closely misses you.
The orc closely misses you.
The gnoll sergeant hits you from afar with a glowing spear.
You die...

####### #..8..#
########## #.....#
#.....lh.# #8...8#
#....ggo@# ......#
#.....g..#
...8..###.....b$.#
..5..##.'.......[#
.....##.#........#
.....#..#g...g...#
.......##.%......#
..g..####........#
###### ####'#####


You could see a gnoll sergeant, an iguana, a hound, 3 gnolls, an orc and a bat.

Vanquished Creatures
  Grinder (D:3)
  A sky beast (D:6)
  A centaur (D:6)
  An ogre (D:5)
  An elf zombie (Ossuary)
  2 hounds
  2 orc priests
  2 worker ants
  A big kobold zombie (Ossuary)
  A hound zombie (D:5)
  4 mummies (Ossuary)
  4 adders
  2 adder zombies (Ossuary)
  A giant gecko (D:2)
  An ooze (D:2)
  7 orcs
  3 bats
  A giant cockroach (D:3)
  2 gnoll zombies (Ossuary)
  4 goblins (D:1)
  3 hobgoblins
  A ball python (D:1)
  A giant newt (D:1)
  4 goblin zombies (Ossuary)
  A hobgoblin zombie (Ossuary)
  A jackal zombie (Ossuary)
  6 kobolds
  5 rats
64 creatures vanquished.

Notes
Turn   | Place    | Note
--------------------------------------------------------------
     0 | D:1      | 4tharraofdagon, the Demonspawn Fire Elementalist, began the quest for the Orb.
     0 | D:1      | Reached XP level 1. HP: 13/13 MP: 3/3
   167 | D:2      | Gained mutation: You are partially covered in iridescent scales (AC +4). [demonic ancestry]
   167 | D:2      | Reached XP level 2. HP: 4/19 MP: 0/5
   261 | D:2      | Reached skill level 3 in Fire Magic
   494 | D:2      | Found a blossoming altar of Fedhas.
   495 | D:2      | Found an ancient bone altar of Kikubaaqudgha.
   547 | D:3      | Gained mutation: You can steal the life force of nearby defeated enemies. [demonic ancestry]
   547 | D:3      | Reached XP level 3. HP: 17/24 MP: 4/6
   552 | D:3      | Learned a level 3 spell: Conjure Flame
   554 | D:3      | Noticed Grinder
   580 | D:3      | Killed Grinder
   580 | D:3      | Reached skill level 4 in Fire Magic
   580 | D:3      | Reached XP level 4. HP: 13/30 MP: 0/9
   580 | D:3      | Reached XP level 5. HP: 15/35 MP: 0/11
   608 | D:3      | Learned a level 4 spell: Sticky Flame
   772 | D:4      | Reached XP level 6. HP: 29/41 MP: 10/13
   805 | D:4      | Found a bloodstained altar of Trog.
   805 | D:4      | Found a deep blue altar of Sif Muna.
   805 | D:4      | Found a sparkling altar of Nemelex Xobeh.
   811 | D:4      | Became a worshipper of Sif Muna the Loreminder
   830 | D:5      | Entered Level 5 of the Dungeon
  1076 | D:5      | Found Ychiuddi's Jewellery Emporium.
  1085 | D:5      | Bought a cursed -6 ring of dexterity for 28 gold pieces
  1169 | D:5      | Reached skill level 5 in Fire Magic
  1263 | D:6      | Acquired Sif Muna's first power
  1263 | D:6      | Gained mutation: You can steal the life force of defeated enemies. [demonic ancestry]
  1263 | D:6      | Reached XP level 7. HP: 39/46 MP: 10/15
  1342 | D:6      | Found a sand-covered staircase.
  1353 | Ossuary  | Entered an ossuary
  1390 | Ossuary  | Reached skill level 5 in Conjurations
  1390 | Ossuary  | Reached skill level 1 in Invocations
  1688 | D:6      | HP: 2/46 [orc/club (2)]
  1690 | D:6      | Slain by a gnoll sergeant

Action                   |  1- 3 |  4- 6 |  7- 9 || total
-------------------------+-------+-------+-------++-------
Melee: Unarmed           |     5 |       |       ||     5
       Club              |    47 |       |       ||    47
       Dagger            |    16 |     7 |       ||    23
       Flail             |       |    56 |    43 ||    99
 Cast: Flame Tongue      |    25 |    30 |     4 ||    59
       Conjure Flame     |     1 |     1 |     3 ||     5
       Sticky Flame      |       |     2 |     6 ||     8
  Use: Potion            |     1 |     2 |     4 ||     7
       Scroll            |     1 |       |     7 ||     8
